 Dungeon Crawl Stone Soup version 0.19.1 (webtiles) character file.

1660 Chiseanne the Grasshopper (level 8, 45/58 HPs)
             Began as a Mummy Warper on Dec 4, 2016.
             Was an Initiate of Gozag.
             Quit the game on level 1 of the Abyss.
             The game lasted 00:15:30 (5779 turns).

Chiseanne the Grasshopper (Mummy Warper)            Turns: 5779, Time: 00:15:31

Health: 45/58      AC: 14    Str: 11    XL:     8   Next: 68%
Magic:  14/14      EV: 10    Int: 12    God:    Gozag
Gold:   46         SH:  4    Dex: 18    Spells: 2 memorised, 11 levels left

rFire  x . .     SeeInvis .     a - +8 whip "Iprixeol" {freeze, rElec Str-4 Dex+5}
rCold  + . .     Gourm    .     p - +3 scale mail {rPois}
rNeg   + + +     Faith    .     (no shield)
rPois  ∞         Spirit   .     q - +0 helmet
rElec  +         Reflect  +     y - +0 cloak
rCorr  .         Harm     .     i - +1 pair of gloves
MR     +....                    (no boots)
Stlth  ..........               v - +4 amulet of reflection
                                (no ring)
                                (no ring)

@: no status effects
A: no food or potions, fire vulnerability, cold resistance 1, negative energy
resistance 3, torment resistance, unbreathing
a: Potion Petition, Call Merchant, Bribe Branch, Renounce Religion


You were on level 1 of the Abyss.
You worshipped Gozag.
Gozag was noncommittal.
You were not hungry.

You visited 2 branches of the dungeon, and saw 8 of its levels.
You visited the Abyss 1 time.

You collected 561 gold pieces.
You spent 464 gold pieces at shops.
You paid 51 gold pieces to Gozag.

Inventory:

Hand Weapons
 a - the +8 whip "Iprixeol" (weapon) {freeze, rElec Str-4 Dex+5}
   (You found it on level 4 of the Dungeon)

   It has been specially enchanted to freeze those struck by it, causing extra
   injury to most foes and up to half again as much damage against particularly
   susceptible opponents.
   It can also slow down cold-blooded creatures.
   It affects your strength (-4).
   It affects your dexterity (+5).
   It insulates you from electricity.
 k - a +2 flail of protection
 w - a +2 blowgun
Missiles
 b - 49 poisoned needles
 e - a tomahawk of dispersal (quivered)
 h - 248 stones
 l - 11 bolts
 n - a throwing net
 o - 31 arrows
Armour
 i - a +1 pair of gloves (worn)
 p - a +3 scale mail of poison resistance (worn)
 q - a +0 helmet (worn)
 y - a +0 cloak (worn)
Jewellery
 v - a +4 amulet of reflection (around neck)
Wands
 s - a wand of acid (0/15)
 x - a wand of digging (14/24)
Scrolls
 d - a scroll of blinking
 f - 5 scrolls of amnesia
 j - 2 scrolls of teleportation
 m - 3 scrolls of identify
 r - a scroll of recharging
 t - a scroll of magic mapping {unknown}
 u - a scroll of remove curse
Books
 c - a book of Spatial Translocations

   Spells                             Type                      Level
   a - Blink                          Translocation                2
   b - Shroud of Golubria             Charms/Translocation         2
   c - Lesser Beckoning               Translocation                3
   d - Portal Projectile              Translocation                3
   e - Teleport Other                 Translocation                3
   f - Passage of Golubria            Translocation                4


   Skills:
 - Level 3.0 Fighting
   Level 1.5 Long Blades
 * Level 3.9 Maces & Flails
 - Level 0.7 Throwing
 * Level 4.4 Armour
 - Level 2.8 Dodging
 - Level 4.1 Spellcasting
 * Level 4.7 Translocations
 * Level 2.8 Evocations


You had 11 spell levels left.
You knew the following spells:

 Your Spells              Type           Power        Failure   Level  Hunger
a - Blink                 Tloc           N/A          28%         2    N/A
b - Shroud of Golubria    Chrm/Tloc      #.........   77%         2    N/A

Dungeon Overview and Level Annotations

Branches:
Dungeon (7/15)             Temple (1/1) D:4

Altars:
Ashenzari
Cheibriados
Dithmenos
Elyvilon
Fedhas
Gozag
Hepliaklqana
Kikubaaqudgha
Makhleb
Nemelex Xobeh
Okawaru
Qazlal
Ru
Sif Muna
Trog
Uskayaw
Vehumet
Xom
Yredelemnul
Zin
The Shining One

Shops:
D:4 }*   D:6 =*(*


Innate Abilities, Weirdness & Mutations

You do not eat or drink.
Your flesh is vulnerable to fire.
You are immune to poison.
Your flesh is cold resistant. (rC+)
You are immune to negative energy. (rN+++)
You are immune to unholy pain and torment.
You can survive without breathing.


Message History

You whack the hound! You freeze the hound.
You kill the hound!
You whack the orc wizard! You freeze the orc wizard.
The orc wizard is severely wounded.
The orc wizard hits you but does no damage.
Space bends around you.
The orc wizard hits you but does no damage.
You are cast into the Abyss!
To return, you must find a gate leading back.
Killing monsters will force the Abyss to allow you passage.
This branch contains the abyssal rune of Zot.
Found a leather armour.
Found a silvery potion.
Found a ring mail.
Found 18 stones.
h - 248 stones (gained 18)
A small abomination comes into view.
You closely miss the small abomination.
You are suddenly pulled into a different region of the Abyss!
Are you sure you want to abandon this character and quit the game? (Confirm with "yes".)

. ### ..
#.# ...
.####..##
.... ##.
..#..#...
#..###....#
#.....@##
##...###.#
##...##.#.#
#....##...#
#...###.#
#.#..##
.....# #
.....####.#
#.##... .
#....
#...#.#####
#


There were no monsters in sight!

Vanquished Creatures
  Pikel (D:6)
  Edmund (D:6)
  3 sky beasts
  An ice beast (D:6)
  2 ogres
  A bullfrog zombie (D:6)
  A hound (D:7)
  2 jellies (D:6)
  6 orc wizards
  2 centaur skeletons
  2 worker ants
  A killer bee zombie (D:6)
  10 adders
  A shadow imp (D:5)
  An ooze (D:5)
  An adder skeleton (D:6)
  A worm (D:3)
  2 dart slugs
  2 leopard geckos
  4 orcs
  5 bats (D:1)
  4 giant cockroaches
  4 goblins
  6 hobgoblins
  3 jackals (D:3)
  8 kobolds
  A quokka (D:3)
  3 ball pythons
  6 frilled lizards
  3 rats
88 creatures vanquished.

Notes
Turn   | Place    | Note
-------+----------+-------------------------------------------
     0 | D:1      | Chiseanne the Mummy Warper began the quest for the Orb.
     0 | D:1      | Reached XP level 1. HP: 16/16 MP: 3/3
   262 | D:1      | Reached XP level 2. HP: 19/22 MP: 5/5
   335 | D:1      | Reached skill level 1 in Armour
  1024 | D:2      | Reached XP level 3. HP: 25/27 MP: 6/6
  1597 | D:2      | Reached XP level 4. HP: 30/34 MP: 8/8
  2194 | D:3      | Found a shattered altar of Ashenzari.
  2979 | D:4      | Found Qacudwack's Serpentskin Sales.
  2990 | D:4      | Reached XP level 5. HP: 37/41 MP: 9/9
  3012 | D:4      | Found Werero's Gadget Emporium.
  3023 | D:4      | Got a crystal whip
  3028 | D:4      | Identified the +8 whip "Iprixeol" {freeze, rElec Str-4 Dex+5} (You found it on level 4 of the Dungeon)
  3074 | D:4      | Found a staircase to the Ecumenical Temple.
  3111 | Temple   | Entered the Ecumenical Temple
  3134 | Temple   | Became a worshipper of Gozag Ym Sagoz the Greedy
  3428 | D:4      | Learned a level 2 spell: Blink
  3431 | D:4      | Learned a level 2 spell: Shroud of Golubria
  3437 | D:5      | Entered Level 5 of the Dungeon
  3541 | D:5      | Noticed an ogre
  3563 | D:5      | Killed an ogre
  3563 | D:5      | Reached skill level 1 in Maces & Flails
  3563 | D:5      | Reached XP level 6. HP: 41/47 MP: 9/11
  3610 | D:5      | Noticed a sky beast
  3620 | D:5      | Killed a sky beast
  3707 | D:5      | Noticed a sky beast
  3713 | D:5      | Killed a sky beast
  4078 | D:6      | Noticed Edmund
  4280 | D:6      | Found Arpho Zam's Weapon Emporium.
  4303 | D:6      | Noticed an ice beast
  4346 | D:6      | Killed an ice beast
  4346 | D:6      | Reached XP level 7. HP: 45/52 MP: 13/13
  4402 | D:4      | Bought a sack of spiders for 220 gold pieces
  4454 | D:6      | Killed Edmund
  4616 | D:6      | Found Rytuidd's General Store.
  4631 | D:6      | Bought a scroll of identify for 24 gold pieces
  4660 | D:6      | Found Yliytt's Assorted Antiques.
  4668 | D:6      | Bought a scroll labeled ESTUQODGHAPH for 27 gold pieces
  4718 | D:6      | Reached skill level 1 in Evocations
  4719 | D:6      | Found Imiyrip's Jewellery Boutique.
  4935 | D:6      | Bought a cursed -5 ring of slaying for 24 gold pieces
  4935 | D:6      | Bought a cursed -2 ring of protection for 24 gold pieces
  4935 | D:6      | Bought a cursed -3 ring of evasion for 24 gold pieces
  5014 | D:6      | Noticed Pikel
  5040 | D:6      | Killed Pikel
  5040 | D:6      | Reached XP level 8. HP: 36/58 MP: 14/14
  5523 | D:6      | Bought a cloak for 121 gold pieces
  5718 | D:7      | Cast into level 1 of the Abyss (orc wizard)
  5779 | Abyss:1  | Quit the game

Skill      XL: |  1  2  3  4  5  6  7 |
---------------+----------------------+-----
Armour         | 1 2 4 |  4.4
Dodging        | 2 |  2.8
Spellcasting   | 3 4 |  4.1
Fighting       | 3 |  3.0
Maces & Flails | 1 2 3 |  3.9
Translocations | 3 4 |  4.7
Evocations     | 2 |  2.8
Long Blades    | |  1.5
Throwing       | |  0.7

Action                   |  1- 3 |  4- 6 |  7- 9 || total
-------------------------+-------+-------+-------++-------
Melee: Falchion          |   121 |    99 |       ||   220
       Whip              |       |    51 |   101 ||   152
 Fire: Blowgun           |       |    10 |    12 ||    22
Throw: Tomahawk          |     4 |       |       ||     4
Evoke: Wand              |       |       |     2 ||     2
       Sack of spiders   |       |       |     2 ||     2
  Use: Scroll            |       |    15 |     1 ||    16
Armor: Leather armour    |     7 |       |       ||     7
       Ring mail         |    49 |    45 |     2 ||    96
       Scale mail        |       |       |    36 ||    36
Dodge: Dodged            |    87 |    84 |    28 ||   199
Block: Other             |       |       |    15 ||    15
       Rpst.: Falchion   |    30 |    24 |       ||    54
